TOP OF THE 1ST |
Augusta GreenJackets batting - Pitching for Hartford Yard Goats : RHP Gabe Stokes
|
Pitching: RHP Gabe Stokes
|
|
Batting: RHB Mike Buchanan
|
0-0: Swinging Strike 0-1: Swinging Strike 0-2: Ball 1-2: Foul Ball, location: 2F 1-2: Ground out U3 (Groundball, 3, EV 85.6 MPH)
|
Batting: LHB James Wheaton
|
0-0: Called Strike 0-1: Ball 1-1: Swinging Strike 1-2: Ball 2-2: Strikes out swinging
|
Batting: LHB Kevin Kantor
|
0-0: Called Strike 0-1: Called Strike 0-2: Ball 1-2: Fly out, F8 (Flyball, 8LS, EV 80.0 MPH)
|
Top of the 1st over - 0 runs, 0 hits, 0 errors, 0 left on base; Augusta 0 - Hartford 0 |
BOTTOM OF THE 1ST |
Hartford Yard Goats batting - Pitching for Augusta GreenJackets : RHP Dan Post
|
Pitching: RHP Dan Post
|
|
Batting: SHB Pete Perla
|
0-0: Hit by Pitch
|
Batting: SHB Bobby Santor
|
0-0: Called Strike 0-1: Foul Ball, location: 2F 0-2: Ball 1-2: Fly out, F7 (Flyball, 78XD, EV 90.0 MPH)
|
Batting: RHB Kian-tat Chen
|
0-0: Ball 1-0: SINGLE (Groundball, 56S, EV 74.4 MPH) (infield hit) Pete Perla to second
|
Batting: RHB Eric Garrett
|
0-0: Ball 1-0: Swinging Strike 1-1: Ball 2-1: Called Strike 2-2: Ball 3-2: Foul Ball, location: 2F 3-2: Strikes out swinging
|
Batting: RHB Tyler Stebbins
|
0-0: Ball 1-0: Foul Ball, location: 2F 1-1: Ball 2-1: Swinging Strike 2-2: Ground out 1-3 (Groundball, 15S, EV 69.4 MPH)
|
Bottom of the 1st over - 0 runs, 1 hit, 0 errors, 2 left on base; Augusta 0 - Hartford 0 |
TOP OF THE 2ND |
Augusta GreenJackets batting - Pitching for Hartford Yard Goats : RHP Gabe Stokes
|
Batting: LHB Gabe Velez
|
0-0: Fly out, F9 (Flyball, 89M, EV 90.6 MPH)
|
Batting: RHB Chris King
|
0-0: Foul Ball, location: 2F 0-1: Fly out, F5 (Flyball, 5D, EV 88.8 MPH)
|
Batting: RHB Justin Baldwin
|
0-0: Ball 1-0: Called Strike 1-1: Ball 2-1: Ball 3-1: Called Strike 3-2: Base on Balls
|
Batting: RHB Omar Jordan
|
0-0: Ball 1-0: Foul Ball, location: 2F 1-1: Ball 2-1: Fielders Choice at 2nd, 6-4 (Groundball, 56, EV 79.4 MPH)
|
Top of the 2nd over - 0 runs, 0 hits, 0 errors, 1 left on base; Augusta 0 - Hartford 0 |
BOTTOM OF THE 2ND |
Hartford Yard Goats batting - Pitching for Augusta GreenJackets : RHP Dan Post
|
Batting: RHB Steve Waltenbery
|
0-0: Ball 1-0: Ground out 5-3 (Groundball, 56, EV 81.3 MPH)
|
Batting: RHB Randy Breitbart
|
0-0: Ball 1-0: Fly out, F8 (Flyball, 8RXD, EV 86.9 MPH)
|
Batting: LHB Mick Knopp
|
0-0: DOUBLE (Flyball, 89XD, EV 103.1 MPH)
|
Batting: SHB Jamie Locke
|
0-0: Ball 1-0: Ball 2-0: Fly out, F8 (Flyball, 8RD, EV 85.6 MPH)
|
Bottom of the 2nd over - 0 runs, 1 hit, 0 errors, 1 left on base; Augusta 0 - Hartford 0 |
TOP OF THE 3RD |
Augusta GreenJackets batting - Pitching for Hartford Yard Goats : RHP Gabe Stokes
|
Batting: RHB Drew Duncan
|
0-0: Ball 1-0: Ball 2-0: Called Strike 2-1: Fly out, F1 (Popup, P, EV 82.5 MPH)
|
Batting: RHB Juan Flores
|
0-0: Ground out 6-3 (Groundball, 6, EV 85.6 MPH)
|
Batting: RHB Mike Buchanan
|
0-0: Called Strike 0-1: Ball 1-1: Ball 2-1: Fly out, F7 (Flyball, 78M, EV 80.6 MPH)
|
Top of the 3rd over - 0 runs, 0 hits, 0 errors, 0 left on base; Augusta 0 - Hartford 0 |
BOTTOM OF THE 3RD |
Hartford Yard Goats batting - Pitching for Augusta GreenJackets : RHP Dan Post
|
Batting: SHB Pete Perla
|
0-0: Ball 1-0: Called Strike 1-1: Ball 2-1: Fly out, F4 (Line Drive, 4, EV 60.0 MPH)
|
Batting: SHB Bobby Santor
|
0-0: Foul Ball, location: 2F 0-1: Ball 1-1: Ball 2-1: SINGLE (Groundball, 34D, EV 95.6 MPH)
|
Batting: RHB Kian-tat Chen
|
0-0: Ball 1-0: Called Strike 1-1: Fly out, F8 (Line Drive, 8LM, EV 86.9 MPH)
|
Batting: RHB Eric Garrett
|
0-0: Fielders Choice at 2nd, 5-4 (Groundball, 5, EV 99.4 MPH)
|
Bottom of the 3rd over - 0 runs, 1 hit, 0 errors, 1 left on base; Augusta 0 - Hartford 0 |
TOP OF THE 4TH |
Augusta GreenJackets batting - Pitching for Hartford Yard Goats : RHP Gabe Stokes
|
Batting: LHB James Wheaton
|
0-0: Ball 1-0: Ground out U3 (Groundball, 3, EV 83.8 MPH)
|
Batting: LHB Kevin Kantor
|
0-0: Ball 1-0: Ball 2-0: Ball 3-0: Called Strike 3-1: Base on Balls
|
Batting: LHB Gabe Velez
|
0-0: Ball 1-0: Called Strike Kevin Kantor steals 2nd base 1-1: Ground out U3 (Groundball, 3, EV 105.6 MPH) Kevin Kantor to third
|
Batting: RHB Chris King
|
0-0: Foul Ball, location: 2F 0-1: Foul Ball, location: 2F 0-2: Strikes out swinging
|
Top of the 4th over - 0 runs, 0 hits, 0 errors, 1 left on base; Augusta 0 - Hartford 0 |
BOTTOM OF THE 4TH |
Hartford Yard Goats batting - Pitching for Augusta GreenJackets : RHP Dan Post
|
Batting: RHB Tyler Stebbins
|
0-0: Ball 1-0: Ball 2-0: DOUBLE (Line Drive, 78XD, EV 103.8 MPH) - OUT at third base trying to stretch hit.
|
Batting: RHB Steve Waltenbery
|
0-0: Ball 1-0: Called Strike 1-1: Foul Ball, location: 2F 1-2: Ball 2-2: Ball 3-2: Ground out 5-3 (Groundball, 56S, EV 91.3 MPH)
|
Batting: RHB Randy Breitbart
|
0-0: SINGLE (Groundball, 6M, EV 110.0 MPH)
|
Batting: LHB Mick Knopp
|
0-0: Ball 1-0: Swinging Strike 1-1: SINGLE (Flyball, 5D, EV 88.1 MPH) Randy Breitbart to second
|
Batting: SHB Jamie Locke
|
0-0: Called Strike 0-1: Ball 1-1: Ball 2-1: Ball 3-1: SINGLE (Groundball, 34D, EV 96.9 MPH) Randy Breitbart to third Mick Knopp to second Runner from 3rd tries for Home, SAFE, throw by RF to home Mick Knopp to third Jamie Locke to second
|
Batting: SHB Pete Perla
|
0-0: Foul Ball, location: 2F 0-1: Ball 1-1: Swinging Strike 1-2: Strikes out looking
|
Bottom of the 4th over - 1 run, 4 hits, 0 errors, 2 left on base; Augusta 0 - Hartford 1 |
TOP OF THE 5TH |
Augusta GreenJackets batting - Pitching for Hartford Yard Goats : RHP Gabe Stokes
|
Batting: RHB Justin Baldwin
|
0-0: Called Strike 0-1: Fly out, F7 (Flyball, 7S, EV 85.6 MPH)
|
Batting: RHB Omar Jordan
|
0-0: Swinging Strike 0-1: Ball 1-1: Reached on error, E4 (Groundball, 34, EV 105.6 MPH)
|
Batting: RHB Drew Duncan
|
0-0: Ball 1-0: Fly out, F2 (Popup, 2L, EV 93.1 MPH)
|
Batting: RHB Juan Flores
|
0-0: Ball 1-0: Foul Ball, location: 2F 1-1: Ground out 5-3 (Groundball, 56S, EV 71.3 MPH)
|
Top of the 5th over - 0 runs, 0 hits, 1 error, 1 left on base; Augusta 0 - Hartford 1 |
BOTTOM OF THE 5TH |
Hartford Yard Goats batting - Pitching for Augusta GreenJackets : RHP Dan Post
|
Batting: SHB Bobby Santor
|
0-0: Foul Ball, location: 2F 0-1: Foul Ball, location: 2F 0-2: Ground out 1-3 (Groundball, 13S, EV 68.1 MPH)
|
Batting: RHB Kian-tat Chen
|
0-0: Swinging Strike 0-1: Foul Ball, location: 2F 0-2: Foul Ball, location: 2F 0-2: Ball 1-2: Strikes out swinging
|
Batting: RHB Eric Garrett
|
0-0: Ball 1-0: Called Strike 1-1: Called Strike 1-2: Ground out 6-3 (Groundball, 6, EV 101.3 MPH)
|
Bottom of the 5th over - 0 runs, 0 hits, 0 errors, 0 left on base; Augusta 0 - Hartford 1 |
TOP OF THE 6TH |
Augusta GreenJackets batting - Pitching for Hartford Yard Goats : RHP Gabe Stokes
|
Batting: RHB Mike Buchanan
|
0-0: Ground out 6-3 (Groundball, 4M, EV 104.4 MPH)
|
Batting: LHB James Wheaton
|
0-0: Ball 1-0: DOUBLE (Line Drive, 9LD, EV 108.1 MPH)
|
Batting: LHB Kevin Kantor
|
0-0: Ball 1-0: Called Strike 1-1: SINGLE (Groundball, 23, EV 67.5 MPH) (infield hit) James Wheaton to third
|
Batting: LHB Gabe Velez
|
0-0: Called Strike Pickoff Throw to First - Error! E1 James Wheaton scores Kevin Kantor to second 0-1: Ball 1-1: Foul Ball, location: 2F 1-2: Strikes out swinging
|
Batting: RHB Chris King
|
0-0: Ball 1-0: Ball 2-0: Foul Ball, location: 2F 2-1: Ball 3-1: Foul Ball, location: 2F 3-2: Base on Balls
|
Batting: RHB Justin Baldwin
|
0-0: Foul Ball, location: 2F 0-1: Ball 1-1: Ball 2-1: Foul Ball, location: 2F 2-2: Reached on error, E5 (Groundball, 56S, EV 88.1 MPH) Kevin Kantor scores Chris King to third
|
Batting: RHB Omar Jordan
|
0-0: Ball Wild Pitch! Chris King scores Justin Baldwin to third 1-0: Ball 2-0: Called Strike 2-1: Ground out 5-3 (Groundball, 56S, EV 78.1 MPH)
|
Top of the 6th over - 3 runs, 2 hits, 2 errors, 1 left on base; Augusta 3 - Hartford 1 |
BOTTOM OF THE 6TH |
Hartford Yard Goats batting - Pitching for Augusta GreenJackets : RHP Dan Post
|
Batting: RHB Tyler Stebbins
|
0-0: SOLO HOME RUN (Flyball, 78XD, EV 97.5 MPH), Distance : 393 ft
|
Batting: RHB Steve Waltenbery
|
0-0: Ground out 1-3 (Groundball, P, EV 67.5 MPH)
|
Batting: RHB Randy Breitbart
|
0-0: Ball 1-0: Ball 2-0: Swinging Strike 2-1: Ground out 6-3 (Groundball, 6, EV 85.6 MPH)
|
Batting: LHB Mick Knopp
|
0-0: SINGLE (Groundball, 4M, EV 90.6 MPH) (infield hit)
|
Pitching: RHP Ron Riley
|
|
Batting: SHB Jamie Locke
|
0-0: Ball 1-0: Swinging Strike 1-1: Ball 2-1: Swinging Strike 2-2: Foul Ball, location: 2F 2-2: SINGLE (Flyball, 34D, EV 95.0 MPH) Mick Knopp to second Runner from 2nd tries for 3rd, SAFE, throw by RF made to third
|
Batting: SHB Pete Perla
|
0-0: Foul Ball, location: 2F 0-1: Ball 1-1: SINGLE (Groundball, 4D, EV 95.0 MPH) Mick Knopp scores Jamie Locke to second Runner from 2nd tries for 3rd, SAFE, throw by RF made at trailing runner, OUT! 9-6
|
Bottom of the 6th over - 2 runs, 4 hits, 0 errors, 1 left on base; Augusta 3 - Hartford 3 |
TOP OF THE 7TH |
Augusta GreenJackets batting - Pitching for Hartford Yard Goats : RHP Gabe Stokes
|
Batting: RHB Drew Duncan
|
0-0: Called Strike 0-1: Foul Ball, location: 2F 0-2: Ball 1-2: Ground out 6-3 (Groundball, 6, EV 85.0 MPH)
|
Batting: RHB Juan Flores
|
0-0: Ball 1-0: Swinging Strike 1-1: Ball 2-1: Ball 3-1: Swinging Strike 3-2: Ground out 1-3 (Groundball, 15S, EV 71.9 MPH)
|
Batting: RHB Mike Buchanan
|
0-0: Foul Ball, location: 2F 0-1: Ball 1-1: Ball 2-1: Ground out 6-3 (Groundball, 6MS, EV 90.6 MPH)
|
Top of the 7th over - 0 runs, 0 hits, 0 errors, 0 left on base; Augusta 3 - Hartford 3 |
BOTTOM OF THE 7TH |
Hartford Yard Goats batting - Pitching for Augusta GreenJackets : RHP Ron Riley
|
Batting: SHB Bobby Santor
|
0-0: Ball 1-0: Ball 2-0: Called Strike 2-1: Ball 3-1: Base on Balls
|
Batting: RHB Kian-tat Chen
|
0-0: Ball 1-0: Ball 2-0: Foul Ball, location: 2F 2-1: Ball 3-1: Base on Balls Bobby Santor to second
|
Batting: RHB Eric Garrett
|
0-0: Ball 1-0: Reached on error, E5 (Groundball, 5S, EV 80.6 MPH) Bobby Santor to third Kian-tat Chen to second
|
Batting: SHB In-sung Lee
|
0-0: Fly out, F9 (Flyball, 9LM, EV 90.0 MPH) Runner from 3rd tags up, SCORES, no throw by RF
|
Batting: RHB Steve Waltenbery
|
0-0: Swinging Strike 0-1: Ball 1-1: Ball 2-1: Swinging Strike 2-2: Foul Ball, location: 2F 2-2: Strikes out swinging
|
Batting: RHB Randy Breitbart
|
0-0: Ball 1-0: Foul Ball, location: 2F 1-1: Called Strike 1-2: Ball 2-2: SINGLE (Groundball, 34D, EV 95.0 MPH) Kian-tat Chen to third Eric Garrett to second Runner from 3rd tries for Home, SAFE, throw by RF to home
|
Batting: LHB Mick Knopp
|
0-0: DOUBLE (Line Drive, 78M, EV 90.6 MPH) Eric Garrett scores Randy Breitbart to third
|
Batting: SHB Jamie Locke
|
0-0: SINGLE (Groundball, 34D, EV 87.5 MPH) (infield hit) Randy Breitbart scores Mick Knopp to third
|
Pitching: RHP Mike Richards
|
|
Batting: SHB Pete Perla
|
0-0: Swinging Strike 0-1: Ball 1-1: Ball 2-1: Called Strike 2-2: Foul Ball, location: 2F 2-2: SINGLE (Flyball, 7, EV 95.0 MPH) Mick Knopp scores Jamie Locke to second
|
Batting: SHB Bobby Santor
|
0-0: Called Strike 0-1: Foul Ball, location: 2F 0-2: Ball 1-2: Strikes out swinging
|
Bottom of the 7th over - 5 runs, 4 hits, 1 error, 2 left on base; Augusta 3 - Hartford 8 |
TOP OF THE 8TH |
Augusta GreenJackets batting - Pitching for Hartford Yard Goats : RHP Gabe Stokes
|
Pitching: RHP Travis Porter
|
|
Batting: LHB James Wheaton
|
0-0: Called Strike 0-1: Foul Ball, location: 2F 0-2: Ball 1-2: Ball 2-2: Fly out, F8 (Flyball, 8LXD, EV 76.9 MPH)
|
Batting: LHB Kevin Kantor
|
0-0: Ball 1-0: Foul Ball, location: 2F 1-1: Ground out 1-3 (Groundball, P, EV 68.8 MPH)
|
Batting: LHB Gabe Velez
|
0-0: Called Strike 0-1: Foul Ball, location: 2F 0-2: Strikes out swinging
|
Top of the 8th over - 0 runs, 0 hits, 0 errors, 0 left on base; Augusta 3 - Hartford 8 |
BOTTOM OF THE 8TH |
Hartford Yard Goats batting - Pitching for Augusta GreenJackets : RHP Mike Richards
|
Batting: RHB Kian-tat Chen
|
0-0: Foul Ball, location: 2F 0-1: TRIPLE (Flyball, 9LD, EV 87.5 MPH)
|
Batting: RHB Eric Garrett
|
0-0: TRIPLE (Flyball, 89XD, EV 98.8 MPH) Kian-tat Chen scores
|
Batting: SHB In-sung Lee
|
0-0: Foul Ball, location: 2F 0-1: Ball 1-1: Foul Ball, location: 2F 1-2: Foul Ball, location: 2F 1-2: Strikes out looking
|
Batting: RHB Steve Waltenbery
|
0-0: Swinging Strike 0-1: Called Strike 0-2: Foul Ball, location: 2F 0-2: Foul Ball, location: 2F 0-2: SINGLE (Groundball, 6MD, EV 100.0 MPH) Eric Garrett scores
|
Batting: RHB Randy Breitbart
|
0-0: Fly out, F9 (Flyball, 9, EV 89.4 MPH)
|
Batting: LHB Mick Knopp
|
0-0: Ball Passed Ball! Steve Waltenbery to second 1-0: Called Strike 1-1: Called Strike 1-2: Ball 2-2: Foul Ball, location: 2F 2-2: Ball 3-2: SINGLE (Groundball, 34S, EV 71.3 MPH) (infield hit) Steve Waltenbery to third
|
Batting: SHB Jamie Locke
|
0-0: Called Strike 0-1: Foul Ball, location: 2F 0-2: Ball 1-2: Reached on error, E4 (Groundball, 4, EV 105.6 MPH) Steve Waltenbery scores Mick Knopp to second
|
Batting: SHB Pete Perla
|
0-0: Ball 1-0: Ball 2-0: Ball 3-0: Base on Balls Mick Knopp to third Jamie Locke to second
|
Batting: SHB Bobby Santor
|
0-0: Ball 1-0: Swinging Strike 1-1: Fly out, F7 (Flyball, 7, EV 83.8 MPH)
|
Bottom of the 8th over - 3 runs, 4 hits, 1 error, 3 left on base; Augusta 3 - Hartford 11 |
TOP OF THE 9TH |
Augusta GreenJackets batting - Pitching for Hartford Yard Goats : RHP Travis Porter
|
Batting: RHB Chris King
|
0-0: Foul Ball, location: 2F 0-1: Ball 1-1: Called Strike 1-2: Fly out, F9 (Flyball, 9LS, EV 96.3 MPH)
|
Batting: RHB Justin Baldwin
|
0-0: Ball 1-0: Fly out, F8 (Flyball, 8RS, EV 89.4 MPH)
|
Batting: RHB Omar Jordan
|
0-0: Called Strike 0-1: Foul Ball, location: 2F 0-2: Strikes out swinging
|
Top of the 9th over - 0 runs, 0 hits, 0 errors, 0 left on base; Augusta 3 - Hartford 11 |
|